 Dungeon Crawl Stone Soup version 0.29-a0-384-g6960b1960d (webtiles) character file.

Game seed: 7963715763443312879

2324 Pelinal the Nimble (level 9, -3/50 (57) HPs)
             Began as a Merfolk Ice Elementalist on May 7, 2022.
             Slain by a wight
             ... wielding a +3 halberd
              (4 damage)
             ... on level 6 of the Dungeon.
             The game lasted 00:17:19 (8104 turns).

Pelinal the Nimble (Merfolk Ice Elementalist)       Turns: 8104, Time: 00:17:20

HP:   -3/50 (57)    AC: 10    Str: 15    XL:     9   Next: 42%
MP:   11/23         EV: 17    Int: 14    God:
Gold: 186           SH:  0    Dex: 18    Spells: 6/14 levels left

rFire   . . .      SeeInvis .   a - +0 trident
rCold   . . .      Faith    +   (no shield)
rNeg    . . .      Spirit   .   l - +0 robe
rPois   .          Reflect  .   t - +0 helmet
rElec   .          Harm     .   K - scarf {repulsion}
rCorr   .          Rampage  .   d - +0 pair of gloves
Will    .....                   (no boots)
Stlth   ++++......              F - amulet of faith
HPRegen 0.16/turn               D - ring of magical power
MPRegen 0.18/turn               v - +6 ring of strength

@: ice-armoured, heavily drained, repel missiles
A: (nimble swimmer 2), mertail
a: no special abilities


You were on level 6 of the Dungeon.
You visited 1 branch of the dungeon, and saw 6 of its levels.

You collected 228 gold pieces.
You spent 42 gold pieces at shops.

Inventory:

Hand Weapons
 a - a +0 trident (weapon)
 b - a +0 hunting sling
Missiles
 c - 212 stones
 h - 22 poisoned darts
 p - 3 silver javelins
 r - 6 boomerangs
Armour
 d - a +0 pair of gloves (worn)
 l - a +0 robe (worn)
 t - a +0 helmet (worn)
 I - a +0 cloak
 K - a scarf of repulsion (worn)
Jewellery
 v - a +6 ring of strength (right hand)
 B - a ring of see invisible
 D - a ring of magical power (left hand)
 F - an amulet of faith (around neck)
Scrolls
 e - a scroll of silence {unknown}
 f - a scroll of fog
 i - a scroll of noise {unknown}
 m - a scroll of amnesia
 o - a scroll of torment {unknown}
 q - a scroll of magic mapping {unknown}
 u - a scroll of acquirement
 x - a scroll of blinking {unknown}
 y - 2 scrolls of teleportation {unknown}
 G - a scroll of vulnerability {unknown}
 J - a scroll of immolation {unknown}
Potions
 g - 3 potions of curing
 j - 3 potions of attraction
 k - a potion of haste
 n - 2 potions of cancellation
 s - a potion of magic
 w - a potion of mutation {unknown}
 z - a potion of might {unknown}
 C - a potion of ambrosia
 E - a potion of flight
 H - 3 potions of lignification


   Skills:
 + Level 8.5 Polearms
 + Level 9.1 Dodging
 - Level 7.1 Stealth
 - Level 3.4 Spellcasting
 - Level 6.6 Ice Magic


You had 6 spell levels left.
You knew the following spells:

 Your Spells              Type           Power      Damage    Failure   Level
a - Freeze                Ice            84%        1d10      1%          1
b - Frozen Ramparts       Ice            42%        1d6       4%          3
c - Ozocubu's Armour      Ice            21%        N/A       4%          3
z - Animate Skeleton      Necr           4%         N/A       21%         1

Your spell library contained the following spells:

 Spells                   Type           Power      Damage    Failure   Level
 Pain                     Necr           8%         1d4       21%         1
 Hailstorm                Conj/Ice       11%        3d5       45%         4
 Gell's Gravitas          Tloc           2%         N/A       52%         3
 Lesser Beckoning         Tloc           2%         N/A       52%         3
 Stone Arrow              Conj/Erth      4%         3d7       52%         3
 Teleport Other           Tloc           2%         N/A       52%         3
 Vampiric Draining        Necr           2%         2d6       52%         3
 Animate Armour           Summ/Erth      4%         N/A       90%         4
 Dispersal                Tloc           1%         N/A       100%        6
 Disjunction              Tloc           1%         N/A       100%        8
 Lehudib's Crystal Spear  Conj/Erth      1%         10d2      100%        8


Dungeon Overview and Level Annotations

Branches:
Dungeon (6/15)
 Temple: D:4-7

Altars:
Cheibriados
Gozag
Kikubaaqudgha
Uskayaw

Shops:
D:2 (

Annotations:
D:5 Edmund, Menkaure


Innate Abilities, Weirdness & Mutations

((You are very nimble when in or above water. (Stealth+, EV+, Speed+++)))
Your lower body shifts to a powerful aquatic tail in water.


Message History

You continue putting on your amulet of faith. x5
You finish putting on your amulet of faith.
You feel a strange surge of divine interest.
F - an amulet of faith (around neck)
Okay, then.
Okay, then. 2 wights come into view.
Found 23 gold pieces.
Casting: Ozocubu's Armour (dangerous; 4% risk of failure)
Confirm with . or Enter, or press ? or * to list all spells.
A film of ice covers your body!
Unknown command.
You reach to attack!
You hit the wight but do no damage. You closely miss the wight.
The wight closely misses you. x2
You barely miss the wight. The wight hits you with a +0 mace.
You feel drained. The wight hits you but does no damage.
You hit the wight but do no damage. The wight barely misses you.
The wight hits you from afar with a +3 halberd!
You feel drained.
Your icy armour will break if you move.
Continue? [Y]es or [N]o only, please.
Your icy armour will break if you move.
Continue?
Your icy armour cracks and falls away as you move.
The wight attacks as you move away! The wight completely misses you.
The wight attacks as you move away! The wight hits you with a +0 mace!
The wight attacks as you move away! The wight hits you with a +0 mace!
You feel drained.
* * * LOW HITPOINT WARNING * * *
Unknown command.
This is a scroll of acquirement!
Something appears at your feet! The wight completely misses you.
The wight barely misses you.
Unknown command.
Casting: Ozocubu's Armour (dangerous; 4% risk of failure)
Confirm with . or Enter, or press ? or * to list all spells.
A film of ice covers your body! The wight closely misses you.
The wight hits you from afar with a +3 halberd!
* * * LOW HITPOINT WARNING * * *
You feel drained.
You die...

######### ........#
........### ..........# $
........### #.$ ........##
######..#$. .........##
###.......#..
........<.####.z.###...###
.............@z### .....
..>.....#...####... ...z
.......####......# ...
####.## ###....# .# #.
.#.... . # # ###


You could see 2 wights.

Vanquished Creatures
  Sigmund (D:2)
  3 yaks (D:5)
  Eustachio (D:5)
  A steam dragon (D:5)
  A water moccasin (D:5)
  2 black bears
  A phantom (D:5)
  4 centaurs
  A bullfrog (D:4)
  A necrophage (D:6)
  2 scorpions (D:5)
  A howler monkey (D:5)
  5 hounds
  A jelly (D:5)
  An orc priest (D:3)
  3 iguanas (D:5)
  An orc wizard (D:3)
  Robin (D:2)
  4 adders
  5 gnolls
  2 white imps (D:5)
  2 ufetubi
  A worm (D:3)
  3 dart slugs
  5 orcs
  4 ball pythons
  A bat (D:2)
  9 endoplasms
  4 giant cockroaches
  15 goblins
  18 hobgoblins
  4 quokkas
  2 frilled lizards
  14 kobolds
  7 rats
131 creatures vanquished.

Notes
Turn   | Place    | Note
-------+----------+-------------------------------------------
     0 | D:1      | Pelinal the Merfolk Ice Elementalist began the quest for
                  | the Orb.
     0 | D:1      | Reached XP level 1. HP: 13/13 MP: 3/3
   245 | D:1      | Reached XP level 2. HP: 17/19 MP: 1/5
   379 | D:1      | Reached skill level 3 in Dodging
   905 | D:1      | Reached skill level 5 in Ice Magic
   905 | D:1      | Reached XP level 3. HP: 24/24 MP: 2/6
  1119 | D:1      | Learned a level 3 spell: Frozen Ramparts
  1798 | D:2      | Found Wodimem's Weapon Emporium.
  2017 | D:2      | Noticed Sigmund
  2281 | D:2      | Noticed Robin
  2285 | D:2      | Reached XP level 4. HP: 29/30 MP: 7/7
  2528 | D:2      | Killed Sigmund
  2529 | D:2      | Reached XP level 5. HP: 30/35 MP: 2/10
  2529 | D:2      | Reached XP level 6. HP: 35/41 MP: 2/11
  2536 | D:2      | Learned a level 3 spell: Ozocubu's Armour
  2824 | D:2      | Killed Robin
  3190 | D:2      | Bought a +0 trident for 42 gold pieces
  3508 | D:3      | Found an opulent altar of Gozag.
  3764 | D:3      | Found a snail-covered altar of Cheibriados.
  3822 | D:3      | Reached skill level 5 in Stealth
  3950 | D:3      | Found a hide-covered altar of Uskayaw.
  4277 | D:4      | Noticed a black bear
  4292 | D:4      | Killed a black bear
  4293 | D:4      | Reached XP level 7. HP: 38/46 MP: 4/12
  4924 | D:4      | Found an ancient bone altar of Kikubaaqudgha.
  5632 | D:5      | Entered Level 5 of the Dungeon
  5653 | D:5      | Reached skill level 1 in Polearms
  5709 | D:5      | Reached skill level 4 in Dodging
  5723 | D:5      | Reached XP level 8. HP: 51/52 MP: 6/13
  5765 | D:5      | Noticed Eustachio
  5768 | D:5      | HP: 2/52 [something (5)]
  5769 | D:5      | Reached skill level 5 in Dodging
  6050 | D:5      | Killed Eustachio
  6095 | D:5      | Reached skill level 5 in Polearms
  6095 | D:5      | Reached skill level 6 in Dodging
  6452 | D:5      | Reached skill level 7 in Dodging
  6785 | D:5      | Noticed Menkaure
  7051 | D:5      | Noticed a yak
  7052 | D:5      | Noticed a yak
  7052 | D:5      | Noticed a yak
  7068 | D:5      | Killed a yak
  7069 | D:5      | Reached XP level 9. HP: 43/57 MP: 5/14
  7073 | D:5      | Reached skill level 8 in Dodging
  7367 | D:5      | Learned a level 1 spell: Animate Skeleton
  7710 | D:5      | Noticed Edmund
  7922 | D:5      | Reached skill level 9 in Dodging
  8103 | D:6      | Identified 2 scrolls of acquirement
  8103 | D:6      | Acquired the ring "Mugiz" {EV+4 Int+4}
  8104 | D:6      | HP: 1/52 [wight/+3 halberd (13)]
  8104 | D:6      | Slain by a wight

Illustrated notes

Levels and vault maps discovered:
D:1:      dpeg_arrival_renting, layout_basic, item_on_display_a
D:2:      layout_basic, serial_shops, nicolae_shop_advertising_works
          [nicolae_subvault_shop_adworks], uniq_sigmund, uniq_robin
D:3:      layout_rooms, mainiacjoe_overflow_paths, mainiacjoe_overflow_catwalk,
          nicolae_uskayaw_dance_hall, nicolae_overflow_hidden_temple
D:4:      layout_cave_pods, nicolae_overflow_crystal_walls,
          nicolae_concentric_dashed_squares_mild, kennysheep_opposing_triangles
D:5:      layout_loops_ring, minmay_increasing_density, uniq_menkaure,
          uniq_eustachio, uniq_edmund
D:6:      layout_rooms, amcnicky_altar_gilded,
          minmay_temple_entry_drinking_statues, uniq_grinder

Skill      XL: |  1  2  3  4  5  6  7  8  9 |
---------------+----------------------------+-----
Dodging        | 3 4 7 9 |  9.1
Ice Magic      | 5 6 |  6.6
Spellcasting   | 3 |  3.4
Stealth        | 5 7 |  7.1
Polearms       | 2 7 8 |  8.5

Action                   |  1- 3 |  4- 6 |  7- 9 || total
-------------------------+-------+-------+-------++-------
Melee: Unarmed           |     2 |       |       ||     2
       Punch             |     1 |     1 |     4 ||     6
       Dagger            |    28 |    38 |       ||    66
       Trident           |       |       |    84 ||    84
 Fire: Hunting sling     |       |    16 |    93 ||   109
 Cast: Freeze            |    43 |    25 |    46 ||   114
       Frozen Ramparts   |       |    11 |    20 ||    31
       Ozocubu's Armour  |       |     4 |     6 ||    10
  Use: Scroll            |     4 |     2 |     4 ||    10
       Potion            |       |     1 |     4 ||     5
 Stab: Sleeping          |     6 |       |     3 ||     9
Armor: Robe              |    17 |    24 |    47 ||    88
Dodge: Dodged            |    49 |    47 |   142 ||   238
       Repelled          |       |       |     1 ||     1

Table legend: (Time is in decaauts)
 A = Elapsed time spent in this place.
 B = Non-inter-level travel time spent in this place.
 C = Inter-level travel time spent in this place.
 D = Time resting spent in this place.
 E = Time spent auto-exploring this place.
 F = Levels seen in this place.
 G = Mean time per level.
                   A        B        C        D        E       F      G
               +--------+--------+--------+--------+--------+-----+--------+
         Total |   8137 |   7768 |    369 |   2381 |   3810 |   6 | 1356.2 |
       Dungeon |   8137 |   7768 |    369 |   2381 |   3810 |   6 | 1356.2 |
               +--------+--------+--------+--------+--------+-----+--------+

Top non-repeatable levels by time:
     D:5: 2147 daAuts
     D:1: 2126 daAuts
     D:4: 1657 daAuts
     D:2: 1280 daAuts
     D:3: 859 daAuts
     D:6: 66 daAuts
